tod, chaotic female elven Wizard ------- |.....+ |.....| ..)...| ------ |....^. +*...|####a@#####n |>....| |....|# ---.--- |....|# # ...|# # + -.-# # ######## ### ###### # # ------ ########### |....| # -|- |....+#### ..... |....|### |........ |)....### |.......... ------ -....%....... -------------- tod the Evoker Experience level: 1 Strength: 9 Dexterity: 11 Constitution: 15 Intelligence: 20 Wisdom: 11 Charisma: 9 Health: 0(13) Energy: 9(9) AC: 9 Gold: 771 Moves: 1060 Your Inventory: Coins $ - 771 gold pieces Weapons a - a blessed +1 quarterstaff (weapon in hands) q - an [uncursed +0] broadsword Armor b - an uncursed +0 cloak of magic resistance (being worn) Comestibles u - 2 [uncursed] sprigs of wolfsbane Scrolls i - an uncursed scroll of light j - an uncursed scroll of remove curse k - 2 uncursed scrolls of confuse monster s - a [cursed] scroll called id? [of identify] y - an [uncursed] scroll labeled READ ME [of destroy armor] z - an [uncursed] scroll labeled SODALG [of magic mapping] Potions f - an uncursed potion of speed g - an uncursed potion of paralysis h - an uncursed potion of sleeping Rings d - an uncursed ring of poison resistance e - an uncursed ring of warning Wands c - an uncursed wand of undead turning (0:4) v - an [uncursed] wand of speed monster [0:2] Tools n - an uncursed wooden harp o - an [uncursed] tin opener Spells known in the end: Name Level Category Fail Memory a - force bolt 1 attack 0% [||||||||] b - light 1 divination 0% [||||||||] Your skills at the end: Fighting Skills Weapon Skills quarterstaff [Basic / Expert] Spellcasting Skills attack spells [Basic / Expert] enchantment spells [Basic / Skilled] Final Attributes: You were stridently aligned. Hunger level was 167. Your alignment was 5 / 15. Monster difficulty range was 1 - 4. Level difficulty was 7. You were magic-protected. You saw invisible. You had infravision. You were fast. Your luck was zero. You are dead. Vanquished creatures: a shrieker a giant rat a green mold 2 jackals a fox a goblin 3 sewer rats a grid bug a lichen a kobold zombie 3 newts 16 creatures vanquished. Voluntary challenges: You followed a strict vegan diet. You used a wielded weapon 1 time. You read items or engraved 114 times. You put on armor 1 time. You never genocided any monsters. You never polymorphed an object. You never changed form. You used no wishes. You wrote Elbereth's name 81 times. You never encountered a bones level. You never used any Sokoban shortcuts. Dungeon overview: The Dungeons of Doom: levels 1 to 8 Level 1 a long staircase Level 2 (locked box) a fountain Level 4 a fountain Level 5 a scroll shop Level 7 <- You were here History has recorded: On T:1 you entered the Dungeons of Doom to retrieve the Amulet of Yendor! On T:148 you reached level 2 of The Dungeons of Doom. On T:221 you reached level 3 of The Dungeons of Doom. On T:699 you reached level 5 of The Dungeons of Doom. On T:847 you reached level 6 of The Dungeons of Doom. On T:929 you reached level 7 of The Dungeons of Doom. On T:952 you reached level 8 of The Dungeons of Doom. Latest messages: You write "Elbereth" with your fingers into the dust. The killer bee turns to flee! (2x) You add "Elbereth" with your fingers to the writing in the dust. (12x) The killer bee turns to flee! You add "Elbereth" with your fingers to the writing in the dust. (3x) [HP+1=3] You add "Elbereth" with your fingers to the writing in the dust. The killer bee turns to flee! You add "Elbereth" with your fingers to the writing in the dust. (2x) The killer bee turns to flee! You add "Elbereth" with your fingers to the writing in the dust. (5x) The killer bee turns to flee! You add "Elbereth" with your fingers to the writing in the dust. (3x) The killer bee turns to flee! This door is locked. [HP+1=4] You write "Elbereth" with your fingers into the dust. The killer bee stings! [HP-3=1] You add "Elbereth" with your fingers to the writing in the dust. The killer bee stings! You die... Final status: Goodbye tod the Wizard... You died in The Dungeons of Doom on dungeon level 7 with 1070 points, and 771 pieces of gold, after 1060 moves. You were level 1 with a maximum of 13 hit points when you died.